 Dungeon Crawl Stone Soup version 0.26.0-16-gc1dbca0489 (webtiles) character file.

Game seed: 17038566150344987053

21 thiole the Magician (level 2, -1/17 HPs)
             Began as an Octopode Hedge Wizard on Jan 20, 2021.
             Slain by a rat (2 damage)
             ... on level 1 of the Dungeon.
             The game lasted 00:00:41 (582 turns).

thiole the Magician (Octopode Hedge Wizard)          Turns: 582, Time: 00:00:42

Health: -1/17      AC:  1    Str:  9    XL:     2   Next: 83%
Magic:  3/6        EV: 13    Int: 16    God:
Gold:   36         SH:  0    Dex: 11    Spells: 6/7 levels left

rFire    . . .     SeeInvis .   a - +0 dagger
rCold    . . .     Faith    .   (no shield)
rNeg     . . .     Spirit   .   b - +0 hat
rPois    .         Reflect  .   (no amulet)
rElec    .         Harm     .   (no ring)
rCorr    .         Rampage  .   (no ring)
Will     .....                  (no ring)
Stlth    +++.......             (no ring)
HPRegen  0.05/turn              (no ring)
MPRegen  0.10/turn              (no ring)
                                (no ring)
                                (no ring)

@: no status effects
A: almost no armour, stealthy swim, amphibious, 8 rings, constrict 8, camouflage
1, gelatinous body 1
a: no special abilities


You were on level 1 of the Dungeon.
You visited 1 branch of the dungeon, and saw 1 of its levels.

You collected 36 gold pieces.

Inventory:

Hand Weapons
 a - a +0 dagger (weapon)
Armour
 b - a +0 hat (worn)
Scrolls
 d - a scroll of enchant weapon {unknown}
 e - a scroll of identify {unknown}
 f - a scroll of remove curse {unknown}
Potions
 c - a potion of invisibility {unknown}


   Skills:
 - Level 2.0 Dodging
 + Level 3.0 Stealth
 + Level 3.1 Spellcasting
 * Level 1.6 Conjurations
 * Level 1.7 Summonings
 - Level 1.0 Translocations


You had 6 spell levels left.
You knew the following spells:

 Your Spells              Type           Power        Failure   Level
a - Magic Dart            Conj           28%          10%         1

Your spell library contained the following spells:

 Spells                   Type           Power        Failure   Level
 Call Imp                 Summ           8%           14%         2
 Blink                    Tloc           N/A          19%         2
 Slow                     Hex            2%           28%         2
 Conjure Flame            Conj/Fire      5%           36%         3
 Mephitic Cloud           Conj/Pois/Air  4%           41%         3


Dungeon Overview and Level Annotations

Branches:
Dungeon (1/15)

Altars:


Innate Abilities, Weirdness & Mutations

You cannot wear most types of armour.
You are very stealthy in the water. (Stealth+)
You are amphibious.
You can wear up to eight rings at the same time.
You can use your tentacles to constrict eight enemies at once.
Your skin changes colour to match your surroundings (Stealth+).
Your rubbery body absorbs attacks. (AC +1, EV +1)


Message History

You hit the ooze but do no damage.
The ooze is moderately wounded.
The rat closely misses you. The ooze hits you.
* * * LOW HITPOINT WARNING * * *
You hit the ooze but do no damage.
The ooze is moderately wounded.
The rat closely misses you. The ooze hits you.
* * * LOW HITPOINT WARNING * * *
You hit the ooze.
The ooze is moderately wounded.
The rat bites you.
* * * LOW HITPOINT WARNING * * *
The ooze misses you.
You hit the ooze.
The ooze is heavily wounded.
The rat barely misses you. The ooze misses you.
You barely miss the ooze.
The ooze is heavily wounded.
The rat bites you.
You die...

###.......##.#.##.##...##
#...########...##.#..####
##.### #####..####...####.
##..#####......##.....##...
#####...........##.#.........##
#...#.#.#####...........)......
#...#.).......♣.....###...#####
#..............P.........##
#.......#####r@..##.###.##
#...########.J..###.##..# #...#
#......# #.##.## #...#
##..##### #.#..# #.).# #..##
#.#.## ##### #.## #.#.# #..#
###...## #..# #......# ....
#......#######


You could see an ooze and a rat.

Vanquished Creatures
  An ooze (D:1)
  A giant cockroach (D:1)
  2 goblins (D:1)
  2 hobgoblins (D:1)
  3 bats (D:1)
  4 kobolds (D:1)
  2 rats (D:1)
15 creatures vanquished.

Notes
Turn   | Place    | Note
-------+----------+-------------------------------------------
     0 | D:1      | thiole the Octopode Hedge Wizard began the quest for the
                  | Orb.
     0 | D:1      | Reached XP level 1. HP: 11/11 MP: 4/4
   104 | D:1      | Reached XP level 2. HP: 17/17 MP: 1/6
   582 | D:1      | Slain by a rat

Illustrated notes

Levels and vault maps discovered:
D:1:      amcnicky_arrival_blooded_trapdoor, layout_rooms, serial_park_tiny_1

Skill      XL: |  1  2 |
---------------+-------+-----
Stealth        | 3 |  3.0
Dodging        | |  2.0
Spellcasting   | |  3.1
Conjurations   | |  1.6
Summonings     | |  1.7
Translocations | |  1.0

Action                   || total
-------------------------++-------
Melee: Dagger            ||    30
       Tentacles         ||     6
       Constrict         ||     4
 Cast: Magic Dart        ||    33
Armor: Skin              ||     4
Dodge: Dodged            ||    17
